 Dungeon Crawl Stone Soup version 0.30-a0-1163-gf69bf04e7a (webtiles) character file.

Game seed: 7752297558253926062

271 Ahpoh the Slasher (level 6, 0/32 HPs)
             Began as a Vine Stalker Berserker on Apr 28, 2023.
             Was a Priest of Trog.
             Succumbed to an adder's poison
             ... on level 4 of the Dungeon.
             The game lasted 00:08:12 (2674 turns).

Ahpoh the Slasher (Vine Stalker Berserker)          Turns: 2674, Time: 00:08:12

Health: 0/32       AC: 15    Str: 20    XL:     6   Next: 23%
Magic:  6/7        EV: 10    Int:  7    God:    Trog [***...]
Gold:   138        SH:  0    Dex: 32    Spells: 5/5 levels left

rFire   + . .        q - +0 long sword
rCold   . . .        (no shield)
rNeg    . . .        e - +2 chain mail of the Wumpus {rElec Will- Dex+8 Stlth-}
rPois   .            (no helmet)
rElec   +            d - +0 cloak
rCorr   +            (no gloves)
SInv    .            c - +2 pair of boots
Will    .....        o - amulet of reflection Stlth
                     f - ring "Roem" {*Slow rF+ rCorr Dex+9 Stlth-}
HPRegen 1.05/turn    (no ring)
MPRegen 0.10/turn

%: slow self (1%), reflection, guardian spirit
@: confused, lethally poisoned (0 -> -5), studying Armour
A: fangs 2, regeneration 1, magic shield, antimagic bite, no potion heal 2
a: Renounce Religion, Berserk, Trog's Hand


You were on level 4 of the Dungeon.
You worshipped Trog.
Trog was most pleased with you.
You visited 1 branch of the dungeon, and saw 4 of its levels.

You collected 138 gold pieces.

Inventory:

Hand Weapons
 q - a +0 long sword (weapon)
Armour
 b - a +0 animal skin
 c - a +2 pair of boots (worn)
 d - a +0 cloak (worn)
 e - the +2 chain mail of the Wumpus (worn) {rElec Will- Dex+8 Stlth-}
   (You acquired it on level 1 of the Dungeon)

   Dex:       It affects your dexterity (+8).
   rElec:     It insulates you from electricity.
   Will:      It decreases your willpower.
   Stlth:     It makes you less stealthy.
Jewellery
 f - the ring "Roem" (left hand) {*Slow rF+ rCorr Dex+9 Stlth-}
   (You acquired it on level 1 of the Dungeon)

   [ring of protection from fire]

   Dex:       It affects your dexterity (+9).
   rF:        It protects you from fire.
   rCorr:     It protects you from acid and corrosion.
   *Slow:     It may slow you when you take damage.
   Stlth:     It makes you less stealthy.
 o - an amulet of reflection (around neck)
Scrolls
 a - 2 scrolls of identify
 g - 2 scrolls of magic mapping
 h - a scroll of blinking {unknown}
 i - a scroll of vulnerability {unknown}
 j - a scroll of fog {unknown}
 m - a scroll of teleportation {unknown}
 n - a scroll of enchant armour {unknown}
 p - a scroll of fear {unknown}
Potions
 k - 2 potions of haste
 l - a potion of flight
 r - a potion of heal wounds


   Skills:
 + Level 3.4 Fighting
 + Level 4.6 Long Blades
 + Level 4.0 Armour
 + Level 2.0 Dodging
 + Level 0.2 Shields


You had 5 spell levels left.
You didn't know any spells.
Your spell library was empty.

Dungeon Overview and Level Annotations

Branches:
Dungeon (4/15)
 Temple: D:4-7

Altars:
Nemelex Xobeh
Yredelemnul

Shops:
D:1 (   D:4 :(


Innate Abilities, Weirdness & Mutations

You have extremely sharp teeth.
Your natural rate of healing is unusually fast.
When hurt, damage is shared between your health and your magic reserves.
Your bite disrupts and absorbs the magic of your enemies.
Potions cannot restore your health.


Message History

You see here a ball python corpse.
Okay, then.
The adder attacks as you move away! The adder bites you but does no damage.
You feel very sick. The adder closely misses you.
You see here an adder corpse.
You bump into the rock wall.
You feel very sick. The adder bites you but does no damage.
The orc wizard hits you but does no damage.
You are more poisoned.
The adder attacks as you move away! The adder bites you but does no damage.
You feel very sick.
You hit the adder but do no damage.
You feel less confused.
* * * LOW HITPOINT WARNING * * *
You feel very sick. You block the adder's attack.
The adder bites you but does no damage.
The orc wizard points at you and mumbles some strange words.
You are confused.
You hit the adder. Your bite misses the adder.
The adder is heavily wounded.
* * * LOW HITPOINT WARNING * * *
You feel very sick. The adder bites you. The orc wizard closely misses you.
You closely miss the adder. You bite the adder. You drain its power.
You feel invigorated.
The adder is heavily wounded.
* * * LOW HITPOINT WARNING * * *
You feel very sick. The adder bites you.
* * * LOW HITPOINT WARNING * * *
You are lethally poisoned!
The adder poisons you!
The orc wizard mumbles some strange words.
The orc wizard flickers and vanishes!
Deactivating autopickup; reactivate with Ctrl-A.
The adder closely misses you.
You're too confused to move!
You die...

###♣♣♣.≈≈.♣♣♣*##....,,,,,,,*
<.#♣...≈≈...♣***.....,,,,,,*
#.#♣.⌠.≈≈.⌠.♣*,,,##..,,,,,,*
#.#♣...≈≈...♣*******#************
..#♣.∩.≈≈.∩.♣ ###,,,,,,,,,,,,,,,
..#♣...≈≈...♣###.#,,*,,,*,,,*,,,*
#.#♣.⌠.≈≈.⌠.♣#...#_,,,,,,,,,,,,,,
#.#♣...≈≈...♣#...#,,*,,,*,,,*,,,*
#.#♣♣♣.≈≈.♣♣♣###@#,,,,,,,,,,,,,,,
..####.≈≈.####.{S###*************
##.##..≈≈.......c†.# *,,,,,,,,**
.).)...≈≈.###.###..#***,,,,,,,,,,
##.##..≈≈..(..# #....#*,,,,,,,,**
......#≈≈#..### ##.#.#*,,,,,,,,*
##.##....##.##*###.....,,*,,****
##..####..#..##.........,,,,*
##.#####.##.......8.....8,,*


You could see a centaur and an adder.

Vanquished Creatures
  A jelly (D:4)
  Natasha (thrice) (D:2)
  An iguana (D:4)
  8 adders
  3 worms (D:2)
  A dart slug (D:1)
  4 orcs
  8 ball pythons
  5 endoplasms
  3 giant cockroaches (D:3)
  2 goblins
  6 hobgoblins
  2 jackals (D:3)
  2 quokkas (D:3)
  A bat (D:1)
  7 frilled lizards
  5 kobolds
  6 rats
68 creatures vanquished.

Notes
Turn   | Place    | Note
-------+----------+-------------------------------------------
     0 | D:1      | Ahpoh the Vine Stalker Berserker began the quest for the
                  | Orb.
     0 | D:1      | Reached XP level 1. HP: 11/11 MP: 2/2
   182 | D:1      | Reached XP level 2. HP: 14/16 MP: 3/3
   449 | D:1      | Found Qeru Foo's Weapon Emporium.
   461 | D:1      | Identified 3 scrolls of acquirement
   461 | D:1      | Acquired the +2 chain mail of the Wumpus {rElec Will- Dex+8
                  | Stlth-}
   463 | D:1      | Acquired the ring "Roem" {*Slow rF+ rCorr Dex+9 Stlth-}
   465 | D:1      | Acquired a manual of Armour
   770 | D:2      | Noticed Natasha
   782 | D:2      | Killed Natasha
   783 | D:2      | Reached XP level 3. HP: 16/20 MP: 2/4
   904 | D:2      | Gained mutation: Your natural rate of healing is unusually
                  | fast. [Vine Stalker growth]
   904 | D:2      | Reached XP level 4. HP: 24/24 MP: 5/5
  1112 | D:2      | Reached ** piety under Trog
  1292 | D:2      | Noticed Natasha
  1297 | D:2      | Killed Natasha
  1298 | D:2      | Reached XP level 5. HP: 28/28 MP: 6/6
  1440 | D:2      | Noticed Natasha
  1453 | D:2      | Killed Natasha
  1641 | D:3      | Found a sparkling altar of Nemelex Xobeh.
  1641 | D:3      | Found a basalt altar of Yredelemnul.
  2582 | D:4      | Found Fidd's Weapon Emporium.
  2583 | D:4      | Found Ryxker's Book Boutique.
  2624 | D:4      | Reached XP level 6. HP: 32/32 MP: 7/7
  2665 | D:4      | Reached *** piety under Trog
  2674 | D:4      | Succumbed to an adder's poison

Illustrated notes

Levels and vault maps discovered:
D:1:      psy_arrival_whirlpool, layout_basic, serial_shops, nicolae_shop_stone,
          serial_glass, glass_columns_b, glass_columns_c
D:2:      layout_loops_ring, uniq_natasha
D:3:      layout_basic, gammafunk_temple_overflow_elements
D:4:      layout_rooms, lemuel_coloured_pillars_altar, nicolae_wooded_promenade,
          st_stairs_1

Skill      XL: |  1  2  3  4  5  6 |
---------------+-------------------+-----
Long Blades    | 3 4 |  4.6
Fighting       | 3 |  3.4
Armour         | 2 3 4 |  4.0
Dodging        | 2 |  2.0
Shields        | |  0.2

Action                     |  1- 3 |  4- 6 || total
---------------------------+-------+-------++-------
  Melee: Falchion          |    51 |    86 ||   137
         Bite              |     8 |    25 ||    33
         Punch             |     1 |     1 ||     2
         Long sword        |       |    31 ||    31
    Use: Scroll            |     5 |     5 ||    10
         Potion            |     1 |     1 ||     2
 Armour: Animal skin       |    10 |       ||    10
         Chain mail        |    19 |    63 ||    82
  Dodge: Dodged            |    34 |    52 ||    86
  Block: Other             |       |    21 ||    21
         Reflection        |       |     1 ||     1

Table legend: (Time is in decaauts)
 A = Elapsed time spent in this place.
 B = Non-inter-level travel time spent in this place.
 C = Inter-level travel time spent in this place.
 D = Time resting spent in this place.
 E = Time spent auto-exploring this place.
 F = Levels seen in this place.
 G = Mean time per level.
                   A        B        C        D        E       F      G
               +--------+--------+--------+--------+--------+-----+--------+
         Total |   2675 |   2445 |    230 |    100 |   1579 |   4 |  668.8 |
       Dungeon |   2675 |   2445 |    230 |    100 |   1579 |   4 |  668.8 |
               +--------+--------+--------+--------+--------+-----+--------+

Top non-repeatable levels by time:
     D:3: 880 daAuts
     D:2: 826 daAuts
     D:1: 775 daAuts
     D:4: 193 daAuts
